 Dungeon Crawl Stone Soup version 0.27-a0-328-g7f782ed93a (webtiles) character file.

Game seed: 8268770817148321796

120 puppykicker the Magician (level 5, 0/38 HPs)
             Began as a Hill Orc Hedge Wizard on Feb 12, 2021.
             Slain by an orc wizard
             ... wielding a +0 dagger
              (5 damage)
             ... on level 3 of the Dungeon.
             The game lasted 00:10:05 (3139 turns).

puppykicker the Magician (Hill Orc Hedge Wizard)    Turns: 3139, Time: 00:10:05

Health: 0/38       AC:  2    Str: 14    XL:     5   Next: 4%
Magic:  2/9        EV: 12    Int: 14    God:
Gold:   101        SH:  0    Dex: 10    Spells: 2/10 levels left

rFire    + . .     SeeInvis .   a - +0 spear
rCold    + . .     Faith    .   (no shield)
rNeg     . . .     Spirit   .   b - +0 robe
rPois    +         Reflect  .   c - +0 hat
rElec    +         Harm     .   (no cloak)
rCorr    +         Rampage  .   (no gloves)
Will     .....                  (no boots)
Stlth    +.........             (no amulet)
HPRegen  0.12/turn              (no ring)
MPRegen  0.11/turn              (no ring)

@: confused, mighty, brilliant, resistant
A: no striking features
a: no special abilities


You were on level 3 of the Dungeon.
You visited 1 branch of the dungeon, and saw 3 of its levels.

You collected 101 gold pieces.

Inventory:

Hand Weapons
 a - a +0 spear (weapon)
Missiles
 Q - 65 bolts
Armour
 b - a +0 robe (worn)
 c - a +0 hat (worn)
Scrolls
 d - a scroll of magic mapping {unknown}
 e - a scroll of fear {unknown}
 g - a scroll of noise {unknown}
 h - a scroll of immolation {unknown}
 k - a scroll of teleportation {unknown}
 m - a scroll of fog {unknown}


   Skills:
 - Level 1.5 Dodging
 - Level 1.5 Stealth
 - Level 3.0 Spellcasting
 + Level 2.4 Conjurations
 + Level 2.3 Summonings
 + Level 2.0 Translocations
 + Level 0.0 Air Magic
 + Level 0.0 Poison Magic


You had 2 spell levels left.
You knew the following spells:

 Your Spells              Type           Power        Failure   Level
a - Magic Dart            Conj           52%          9%          1
b - Call Imp              Summ           12%          12%         2
c - Mephitic Cloud        Conj/Pois/Air  6%           41%         3
p - Blink                 Tloc           N/A          14%         2

Your spell library contained the following spells:

 Spells                   Type           Power        Failure   Level
 Slow                     Hex            3%           32%         2
 Conjure Flame            Conj/Fire      8%           36%         3


Dungeon Overview and Level Annotations

Branches:
Dungeon (3/15)

Altars:
Ashenzari
Ru
Xom


Message History

You take 1 damage, and have 26/38 hp.
Unknown command.
Something hits you. The orc hits you but does no damage.
You take 3 damage, and have 23/38 hp.
Unknown command.
Something hits you.
The orc hits you from afar with a +0 trident.
* * * LOW HITPOINT WARNING * * *
You take 9 damage, and have 14/38 hp.
MASSIVE DAMAGE!!
Something hits you.
* * * LOW HITPOINT WARNING * * *
The orc hits you from afar with a +0 trident.
* * * LOW HITPOINT WARNING * * *
You take 4 damage, and have 10/38 hp.
Unknown command.
It was a potion of brilliance.
You feel clever all of a sudden. Something hits you.
* * * LOW HITPOINT WARNING * * *
You take 2 damage, and have 8/38 hp.
You feel protected. The orc barely misses you.
You hear some strange, mumbled words.
You are more confused.
You feel very mighty all of a sudden. The orc misses you. Something hits you.
* * * LOW HITPOINT WARNING * * *
You take 4 damage, and have 4/38 hp.
Are you sure you want to stumble around while confused and next to your crimson imp?
You completely miss something. The orc barely misses you.
Something barely misses you.
You're too confused to aim your attacks!
Unknown command.
Are you sure you want to stumble around while confused and next to your crimson imp?
You miss something. The orc closely misses you.
Something hits you but does no damage.
Are you sure you want to stumble around while confused and next to your crimson imp?
You completely miss something. Something hits you.
You die...

##.## ##.#.##
#########.###.##
.........##
##.#####.##
###..(..##
##........
#......##
##.#####.#.
##..###.###).#
#.. ##o{5#<# #..
##.#@#.#
#..###o###..#
#...{o## ##.#
....#r##.# .## #
.. #.# # #.. ...
#. ..# .. .... .
..#.


You could see an orc and a friendly crimson imp (summoned).

Levels and vault maps discovered:
D:1:      amcnicky_arrival_choice, layout_basic
D:2:      layout_basic, grunt_temple_overflow_diamond
D:3:      layout_loops_ring, nicolae_tso_swordbearing_angel

Notes
Turn   | Place    | Note
-------+----------+-------------------------------------------
     0 | D:1      | puppykicker the Hill Orc Hedge Wizard began the quest for
                  | the Orb.
     0 | D:1      | Reached XP level 1. HP: 14/14 MP: 3/3
    12 | D:1      | Identified a +0 dagger
   200 | D:1      | Reached skill level 1 in Translocations
   312 | D:1      | Reached XP level 2. HP: 20/20 MP: 1/5
   381 | D:1      | Learned a level 2 spell: Call Imp
   384 | D:1      | Learned a level 2 spell: Blink
   429 | D:1      | Identified a +0 dagger
   478 | D:1      | Identified a +0 spear (You found it on level 1 of the
                  | Dungeon)
   549 | D:1      | Identified a +0 club
   924 | D:1      | Reached XP level 3. HP: 26/26 MP: 3/6
  1025 | D:1      | Identified a +0 club
  1085 | D:1      | Identified a +0 short sword
  1561 | D:2      | Identified a +0 club
  1561 | D:2      | Identified a +0 dagger
  1716 | D:2      | Reached XP level 4. HP: 28/33 MP: 1/8
  1799 | D:2      | Reached skill level 2 in Conjurations
  1799 | D:2      | Reached skill level 2 in Summonings
  1907 | D:2      | Found a shimmering altar of Xom.
  1910 | D:2      | Found a sacrificial altar of Ru.
  1914 | D:2      | Found a broken altar of Ashenzari.
  2020 | D:2      | Identified a +0 mace
  2116 | D:2      | Identified a +0 dagger
  2681 | D:2      | Reached skill level 3 in Spellcasting
  2681 | D:2      | Identified 2 scrolls of identify
  2681 | D:2      | Identified a potion of resistance
  2682 | D:2      | Identified a potion of might
  2687 | D:2      | Learned a level 3 spell: Mephitic Cloud
  2969 | D:2      | Reached XP level 5. HP: 32/38 MP: 4/9
  3071 | D:3      | Identified a +0 dagger
  3085 | D:3      | Reached skill level 2 in Translocations
  3109 | D:3      | Identified a +0 dagger
  3109 | D:3      | Identified a +0 robe
  3109 | D:3      | Identified a +0 dagger
  3109 | D:3      | Identified a +0 ring mail
  3110 | D:3      | Identified a +0 trident
  3110 | D:3      | Identified a +0 leather armour
  3134 | D:3      | Identified a potion of brilliance
  3134 | D:3      | HP: 8/38 [something (2)]
  3139 | D:3      | Slain by an orc wizard

Table legend: (Time is in decaauts)
 A = Elapsed time spent in this place.
 B = Non-inter-level travel time spent in this place.
 C = Inter-level travel time spent in this place.
 D = Time resting spent in this place.
 E = Time spent auto-exploring this place.
 F = Levels seen in this place.
 G = Mean time per level.
                   A        B        C        D        E       F      G
               +--------+--------+--------+--------+--------+-----+--------+
         Total |   3146 |   3068 |     78 |   1442 |   1179 |   3 | 1048.7 |
       Dungeon |   3146 |   3068 |     78 |   1442 |   1179 |   3 | 1048.7 |
               +--------+--------+--------+--------+--------+-----+--------+

Top non-repeatable levels by time:
     D:1: 1546 daAuts
     D:2: 1531 daAuts
     D:3: 68 daAuts

Table legend:
 A = Kills in this place as a percentage of kills in entire the game.
 B = Kills by you in this place as a percentage of kills by you in the entire game.
 C = Kills by friends in this place as a percentage of kills by friends in the entire game.
 D = Other kills in this place as a percentage of other kills in the entire game.
 E = Experience gained in this place as a percentage of experience gained in the entire game.
 F = Experience gained in this place divided by the number of levels of this place that you have seen.
                   A       B       C       D       E      F
               +-------+-------+-------+-------+-------+----------------------
         Total | 100.0 | 100.0 |   N/A |   N/A | 100.0 |  57.3
       Dungeon | 100.0 | 100.0 |   N/A |   N/A | 100.0 |  57.3
               +-------+-------+-------+-------+-------+----------------------

Skill      XL: |  1  2  3  4  5 |
---------------+----------------+-----
Translocations | 1 2 |  2.0
Conjurations   | 2 |  2.4
Summonings     | 2 |  2.3
Spellcasting   | 3 |  3.0
Dodging        | |  1.5
Stealth        | |  1.5

Action                   |  1- 3 |  4- 6 || total
-------------------------+-------+-------++-------
Melee: Dagger            |    18 |       ||    18
       Spear             |    43 |    43 ||    86
 Cast: Magic Dart        |    69 |    57 ||   126
       Call Imp          |       |     1 ||     1
  Use: Scroll            |       |     2 ||     2
       Potion            |       |     3 ||     3
 Stab: Sleeping          |     3 |     3 ||     6
Armor: Robe              |    11 |     8 ||    19
Dodge: Dodged            |    47 |    31 ||    78

Vanquished Creatures
  A gnoll (D:1)
  5 adders (D:2)
  An ooze (D:1)
  A worm (D:2)
  A dart slug (D:1)
  A leopard gecko (D:1)
  An orc (D:3)
  3 giant cockroaches (D:2)
  11 goblins
  5 hobgoblins
  7 kobolds
  2 ball pythons
  6 bats
  3 frilled lizards
  8 rats
56 creatures vanquished.
